 Dungeon Crawl Stone Soup version 0.25.0-1-g7eea58d2a3 (webtiles) character file.

Game seed: 490570682935933112

67260 Dirian the Fencer (level 14, -3/125 HPs)
             Began as a Minotaur Fighter on June 14, 2020.
             Was a High Priest of Ru.
             Slain by an orc
             ... wielding a +2 whip of electrocution
             ... led by an orc knight
              (9 damage)
             ... while petrified by Jorgrun
             ... on level 1 of the Orcish Mines.
             The game lasted 00:45:57 (27405 turns).

Dirian the Fencer (Minotaur Fighter)               Turns: 27405, Time: 00:45:58

Health: -3/125     AC: 23    Str: 27    XL:     14   Next: 82%
Magic:  17/17      EV:  2    Int:  5    God:    Ru [*****.]
Gold:   2050       SH:  0    Dex: 11    Spells: 13/13 levels left

rFire    . . .     SeeInvis +   A - +4 scimitar (flame)
rCold    + . .     Gourm    .   c - +1 kite shield
rNeg     + + +     Faith    +   m - +0 plate armour
rPois    ∞         Spirit   .   (helmet restricted)
rElec    .         Reflect  .   p - +0 cloak
rCorr    .         Harm     .   b - +1 pair of gloves
MR       +....                  j - +2 pair of boots
Stlth    ..........             I - amulet of faith
HPRegen  0.30/turn              i - ring of Vonwoq {Ice rPois rN+ Str+2 SInv}
MPRegen  0.15/turn              f - ring of protection from fire

@: petrified, lightly drained
A: retaliatory headbutt, horns 2, no stealth, hated by all, no charms magic, no
ice magic, no transmutations magic, unskilled 1
a: Draw Out Power, Power Leap, Apocalypse, Renounce Religion


You were on level 1 of the Orcish Mines.
You worshipped Ru.
Ru was extremely pleased with you.
You were not hungry.

You visited 3 branches of the dungeon, and saw 21 of its levels.

You collected 2413 gold pieces.
You spent 363 gold pieces at shops.

Inventory:

Hand Weapons
 A - a +4 scimitar of flaming (weapon)
 B - a +5 scimitar
Armour
 b - a +1 pair of gloves (worn)
 c - a +1 kite shield (worn)
 j - a +2 pair of boots (worn)
 m - a +0 plate armour (worn)
 p - a +0 cloak (worn)
 J - +0 fire dragon scales
Jewellery
 a - a +4 ring of evasion
 f - a ring of protection from fire (right hand)
 i - the ring of Vonwoq (left hand) {Ice rPois rN+ Str+2 SInv}
   (You acquired it on level 4 of the Lair of Beasts)

   [ring of ice]

   It enhances your ice magic.
   It affects your strength (+2).
   It makes you vulnerable to fire.
   It protects you from cold.
   It protects you from poison.
   It protects you from negative energy.
   It lets you see invisible.
 C - an uncursed ring of flight
 I - an amulet of faith (around neck)
Wands
 u - a wand of random effects (22)
 v - a wand of digging (5)
 E - a wand of polymorph (10)
Scrolls
 l - 3 scrolls of enchant armour
 o - 3 scrolls of amnesia
 r - 10 scrolls of identify
 t - 7 scrolls of teleportation
 x - 5 scrolls of remove curse
 y - a scroll of enchant weapon
 z - a scroll of magic mapping
 F - 2 scrolls of immolation
 G - a scroll of silence
Potions
 d - a potion of might
 g - a potion of brilliance
 h - 4 potions of haste
 k - 2 potions of berserk rage
 n - 2 potions of mutation
 q - 3 potions of curing
 s - 2 potions of flight
 w - 5 potions of heal wounds
 D - 5 potions of lignification
 H - a potion of cancellation
Comestibles
 e - 36 rations
 K - 10 chunks of flesh


   Skills:
 + Level 11.8(11.7) Fighting
 + Level 17.4(17.2) Long Blades
 + Level 12.9(12.7) Armour
 + Level 12.6(12.5) Shields
 * Level 6.4(6.3) Evocations


You had 13 spell levels left.
You didn't know any spells.
Your spell library contained the following spells:

 Spells                   Type           Power        Failure   Level  Hunger
 Apportation              Tloc           #.....       99%         1    ##.....
 Magic Dart               Conj           #...         99%         1    ##.....
 Blink                    Tloc           N/A          100%        2    ###....
 Corpse Rot               Necr/Air       N/A          100%        2    ###....
 Poisonous Vapours        Pois/Air       #.....       100%        2    ###....
 Slow                     Hex            #.......     100%        2    ###....
 Sublimation of Blood     Necr           #.........   100%        2    ###....
 Conjure Flame            Conj/Fire      #.......     100%        3    ####...
 Lesser Beckoning         Tloc           #.........   100%        3    ####...
 Mephitic Cloud           Conj/Pois/Air  #.......     100%        3    ####...
 Stone Arrow              Conj/Erth      #.....       100%        3    ####...
 Dispel Undead            Necr           #.......     100%        4    #####..
 Agony                    Necr           #.......     100%        5    ######.
 Invisibility             Hex            #.......     100%        6    #######
 Beastly Appendage        Tmut           Unusable     N/A         1    N/A
 Summon Butterflies       Summ           Unusable     N/A         1    N/A
 Call Imp                 Summ           Unusable     N/A         2    N/A
 Sticks to Snakes         Tmut           Unusable     N/A         2    N/A
 Spider Form              Tmut/Pois      Unusable     N/A         3    N/A
 Tukima's Dance           Hex            Unusable     N/A         3    N/A
 Ice Form                 Ice/Tmut       Unusable     N/A         4    N/A
 Alistair's Intoxication  Tmut/Pois      Unusable     N/A         5    N/A
 Blade Hands              Tmut           Unusable     N/A         5    N/A
 Excruciating Wounds      Chrm/Necr      Unusable     N/A         5    N/A
 Summon Forest            Summ/Tloc      Unusable     N/A         5    N/A
 Eringya's Noxious Bog    Tmut/Pois      Unusable     N/A         6    N/A
 Freezing Cloud           Conj/Ice/Air   Unusable     N/A         6    N/A
 Hydra Form               Tmut           Unusable     N/A         6    N/A
 Ring of Flames           Chrm/Fire      Unusable     N/A         7    N/A
 Summon Hydra             Summ           Unusable     N/A         7    N/A

Dungeon Overview and Level Annotations

Branches:
Dungeon (13/15)            Temple (0/1) D:7            Lair (6/6) D:8
 Shoals (0/4) Lair:3        Snake (0/4) Lair:2        Slime (0/5) Lair:6
    Orc (2/2) D:12            Elf (0/3) Orc:2        Vaults (0/5) D:13

Altars:
Ashenzari
Dithmenos
Elyvilon
Fedhas
Gozag
Hepliaklqana
Okawaru
Qazlal
Ru
Sif Muna
Trog
Vehumet
Wu Jian
Xom
Zin
The Shining One
Beogh
Jiyva

Shops:
D:7 [

Annotations:
Lair:2 3 runed translucent doors, Scuka's ghost, journeyman KoBe
Orc:1 Jorgrun
Orc:2 2 transporters, 2 exclusions, Daviar's ghost, journeyman DsGl


Innate Abilities, Weirdness & Mutations

You reflexively headbutt those who attack you in melee.
You have a pair of horns on your head.
You cannot be stealthy.
You are hated by all.
You cannot study or cast Charms magic.
You cannot study or cast Ice magic.
You cannot study or cast Transmutations magic.
You are somewhat unskilled. (-1 Apt)


Message History

The orc warrior hits you but does no damage.
You redirect the warg's attack!
The warg bites the warg.
The orc hits you but does no damage.
You are electrocuted!
* * * LOW HITPOINT WARNING * * *
The orc priest hits you from afar with a +0 trident.
* * * LOW HITPOINT WARNING * * *
The orc knight hits you with a +1 vorpal great mace!
* * * LOW HITPOINT WARNING * * *
x2 Jorgrun hits you but does no damage.
The orc hits you from afar with a +0 trident.
The orc warlord shouts!
You hear a shout!
The warg bites you but does no damage.
The orc wizard hits you with a +0 dagger.
* * * LOW HITPOINT WARNING * * *
The ogre hits you with a cursed -1 giant spiked club.
* * * LOW HITPOINT WARNING * * *
The warg bites you but does no damage. The orc hits you but does no damage. x2
You are electrocuted!!
You die...

......o##o..##
.......o....#.#.
................
...#............
................
.......oh.......
.......ghoo.....
.......O@ooO..o.
.......hooo.....
#......)O.O.....
###.............
#.....)........
##.............
##.........#..
##.......#...
.#.....#...


You could see Jorgrun, an orc warlord, an orc knight, 3 wargs, 3 orc warriors, 4
ogres, an orc priest (strong), an orc wizard (fast, strong, invisible) and 5
orcs.

Vanquished Creatures
  Rupert (Lair:6)
  The ghost of HoaS the Brawler, a journeyman GrGl of Makhleb (D:11)
  Azrael (Orc:2)
  The ghost of Ruicvywi the Grappler, a journeyman OgTm of Okawaru (Lair:3)
  Snorg (Lair:5)
  An ettin (Orc:2)
  A fire dragon (Lair:6)
  3 centaur warriors
  3 hydras
  A catoblepas (Lair:6)
  5 death yaks (Lair:4)
  Erica (D:10)
  11 two-headed ogres
  An ogre mage (D:13)
  Urug (Orc:2)
  Sonja (Lair:3)
  A fire crab (Lair:6)
  A wizard (D:13)
  An orc knight (Orc:2)
  A necromancer (D:13)
  4 ugly things
  4 orc sorcerers
  4 oklob plants
  6 black mambas
  A gargoyle (D:11)
  8 spiny frogs
  3 molten gargoyles (Lair:6)
  An efreet (D:11)
  10 komodo dragons
  4 trolls
  A polar bear (Lair:4)
  A hornet (D:7)
  Prince Ribbit (D:7)
  4 dream sheep (Lair:4)
  The ghost of Statics the Insei, an amateur OpMo of Ashenzari (D:5)
  5 blink frogs
  Grinder (D:4)
  3 slime creatures (D:13)
  11 hippogriffs
  A shadow (D:10)
  5 wyverns
  A fire elemental (Orc:2)
  35 yaks
  7 basilisks
  5 wraiths
  5 vampire mosquitoes
  3 hungry ghosts
  Menkaure (D:4)
  A steam dragon (Lair:6)
  10 water moccasins
  9 hell hounds
  20 orc warriors
  6 porcupines
  2 ice beasts
  4 phantoms
  3 sky beasts
  2 black bears
  11 ogres
  3 centaurs
  18 wolves
  11 crocodiles
  2 big kobolds
  14 bullfrogs
  A gnoll sergeant (D:8)
  A water moccasin zombie (D:6)
  3 scorpions
  11 killer bees (D:7)
  6 wights
  4 howler monkeys
  5 crimson imps
  3 bullfrog zombies
  2 quasits
  4 hounds
  A jelly (D:11)
  4 lava snakes (Lair:6)
  3 centaur zombies
  5 bullfrog skeletons
  Crazy Yiuf (D:6)
  18 orc priests
  17 orc wizards
  4 centaur skeletons
  Ijyb (D:4)
  2 iguanas
  9 worker ants
  4 hound skeletons
  A worker ant zombie (D:5)
  10 gnolls
  13 adders
  2 howler monkey skeletons
  4 shadow imps
  A worker ant simulacrum (D:11)
  An adder zombie (D:6)
  An adder skeleton (D:9)
  A worm (D:2)
  A dart slug (D:1)
  5 leopard geckos
  90 orcs
  4 giant cockroaches
  8 goblins
  8 hobgoblins
  7 jackals
  6 quokkas
  7 bats
  7 frilled lizards
  14 kobolds
  A quokka skeleton (D:9)
  14 rats
605 creatures vanquished.

Vanquished Creatures (others)
  A hippogriff (Lair:4)
  A water moccasin (Lair:3)
  2 hell hounds (Orc:2)
  An orc warrior (Orc:2)
  A wolf (Lair:1)
  2 bullfrog zombies (D:11)
  A hound (D:5)
  An orc wizard (Orc:2)
  A centaur skeleton (D:7)
  A gnoll (D:8)
  2 adders (D:5)
  9 orcs
  A quokka (D:5)
  A ball python (D:5)
  A jackal skeleton (D:5)
  A fungus (Lair:2)
  4 plants
31 creatures vanquished.

Grand Total: 636 creatures vanquished

Notes
Turn   | Place    | Note
-------+----------+-------------------------------------------
     0 | D:1      | Dirian the Minotaur Fighter began the quest for the Orb.
     0 | D:1      | Reached XP level 1. HP: 19/19 MP: 0/0
   114 | D:1      | Reached XP level 2. HP: 17/27 MP: 1/1
   368 | D:1      | Reached skill level 3 in Long Blades
   828 | D:1      | Reached XP level 3. HP: 33/33 MP: 2/2
  1001 | D:2      | Found a sacrificial altar of Ru.
  1029 | D:2      | Became a worshipper of Ru the Awakened
  1302 | D:2      | Found a shadowy altar of Dithmenos.
  1365 | D:2      | Reached skill level 4 in Long Blades
  1546 | D:2      | Reached XP level 4. HP: 40/40 MP: 3/3
  2113 | D:3      | HP: 2/40 [orc wizard/+0 dagger (2)]
  2287 | D:3      | Found a shimmering blue altar of Sif Muna.
  2338 | D:3      | Gained mutation: You are somewhat unskilled. (-1 Apt) [Ru
                  | sacrifice]
  2338 | D:3      | Reached * piety under Ru
  2338 | D:3      | Reached ** piety under Ru
  2375 | D:3      | Reached XP level 5. HP: 33/46 MP: 4/4
  2676 | D:3      | Reached skill level 5 in Long Blades
  3305 | D:4      | Found a bloodstained altar of Trog.
  3493 | D:4      | Found an ornate altar of the Wu Jian Council.
  3499 | D:4      | Found a glowing silver altar of Zin.
  3519 | D:4      | Noticed Grinder
  3519 | D:4      | Noticed a crocodile
  3529 | D:4      | Killed a crocodile
  3529 | D:4      | Reached XP level 6. HP: 28/52 MP: 2/5
  3546 | D:4      | Paralysed by Grinder for 7 turns
  3555 | D:4      | HP: 1/52 [Grinder/nerve-wracking pain (11)]
  3558 | D:4      | Killed Grinder
  3558 | D:4      | Reached skill level 6 in Long Blades
  3558 | D:4      | Reached XP level 7. HP: 14/59 MP: 1/6
  4003 | D:4      | Noticed Ijyb
  4016 | D:4      | Killed Ijyb
  4201 | D:4      | Noticed Menkaure
  4209 | D:4      | Killed Menkaure
  4209 | D:4      | Reached skill level 7 in Long Blades
  4639 | D:4      | Found a shattered altar of Ashenzari.
  4639 | D:4      | Found a radiant altar of Vehumet.
  4641 | D:4      | Found an opulent altar of Gozag.
  4646 | D:4      | Found a stormy altar of Qazlal.
  4790 | D:5      | Entered Level 5 of the Dungeon
  4836 | D:4      | Reached skill level 5 in Armour
  5033 | D:5      | Reached skill level 5 in Shields
  5104 | D:5      | Reached skill level 8 in Long Blades
  5152 | D:5      | Reached XP level 8. HP: 63/67 MP: 7/7
  5453 | D:5      | Found a runed translucent door.
  5461 | D:5      | Noticed Statics's ghost (amateur OpMo)
  5521 | D:5      | Found a shimmering altar of Xom.
  6214 | D:5      | Reached skill level 9 in Long Blades
  6358 | D:6      | Reached skill level 5 in Fighting
  7063 | D:6      | Found a runed translucent door.
  7064 | D:6      | Noticed Crazy Yiuf
  7071 | D:6      | Killed Crazy Yiuf
  7071 | D:6      | Reached XP level 9. HP: 58/74 MP: 6/8
  7273 | D:5      | Killed Statics's ghost
  7273 | D:5      | Reached skill level 10 in Long Blades
  7348 | D:7      | Paralysed by a hornet for 3 turns
  8152 | D:7      | Noticed Prince Ribbit
  8207 | D:7      | Killed Prince Ribbit
  8207 | D:7      | Reached skill level 11 in Long Blades
  8249 | D:7      | Found a white marble altar of Elyvilon.
  8557 | D:7      | Reached XP level 10. HP: 45/83 MP: 7/9
  8818 | D:7      | Found Lunased's Armour Boutique.
  8893 | D:7      | Found a staircase to the Ecumenical Temple.
  9019 | D:7      | Bought a +1 pair of gloves for 149 gold pieces
  9019 | D:7      | Bought a +2 pair of boots for 214 gold pieces
  9502 | D:8      | Found a staircase to the Lair.
  9529 | D:8      | Found a hazy altar of Hepliaklqana.
  9865 | D:8      | Reached skill level 12 in Long Blades
 10371 | D:9      | Gained mutation: You are hated by all. [Ru sacrifice]
 10371 | D:9      | Reached *** piety under Ru
 10546 | D:9      | Found a glowing golden altar of the Shining One.
 10770 | D:10     | Entered Level 10 of the Dungeon
 10897 | D:10     | Noticed a two-headed ogre
 10913 | D:10     | Killed a two-headed ogre
 11109 | D:10     | Reached skill level 13 in Long Blades
 11350 | D:10     | Noticed a white ugly thing
 11461 | D:10     | Killed a white ugly thing
 11461 | D:10     | Reached XP level 11. HP: 45/92 MP: 4/10
 11693 | D:10     | Noticed Erica
 11710 | D:10     | Killed Erica
 11929 | D:11     | Noticed a green ugly thing
 11935 | D:11     | Killed a green ugly thing
 12224 | D:11     | Noticed a two-headed ogre
 12245 | D:11     | Killed a two-headed ogre
 12533 | D:11     | Noticed a brown ugly thing
 12550 | D:11     | Killed a brown ugly thing
 12550 | D:11     | Reached skill level 14 in Long Blades
 12751 | D:11     | Noticed a centaur warrior
 12773 | D:11     | Killed a centaur warrior
 12993 | D:11     | Found a runed translucent gate.
 12993 | D:11     | Found a runed translucent gate.
 12993 | D:11     | Found a runed translucent gate.
 12999 | D:11     | Noticed HoaS's ghost (journeyman GrGl)
 13264 | D:11     | Noticed a two-headed ogre
 13272 | D:11     | Killed a two-headed ogre
 13272 | D:11     | Reached skill level 10 in Armour
 13707 | D:12     | Reached XP level 12. HP: 93/103 MP: 11/11
 13780 | D:12     | Found a staircase to the Orcish Mines.
 13800 | D:12     | Reached skill level 15 in Long Blades
 14251 | D:12     | Noticed a two-headed ogre
 14255 | D:12     | Killed a two-headed ogre
 14374 | D:12     | Noticed a two-headed ogre
 14379 | D:12     | Killed a two-headed ogre
 14379 | D:12     | Reached skill level 1 in Evocations
 14691 | D:13     | Noticed a centaur warrior
 14706 | D:13     | Killed a centaur warrior
 14886 | D:13     | Reached skill level 10 in Shields
 15044 | D:13     | Noticed a centaur warrior
 15053 | D:13     | Killed a centaur warrior
 15199 | D:13     | Found a gate to the Vaults.
 15406 | D:13     | Noticed a two-headed ogre
 15457 | D:13     | Killed a two-headed ogre
 15585 | D:13     | Noticed a two-headed ogre
 15585 | D:13     | Noticed a two-headed ogre
 15586 | D:13     | Noticed a two-headed ogre
 15587 | D:13     | Noticed an ogre mage
 15605 | D:13     | Killed a two-headed ogre
 15614 | D:13     | Killed an ogre mage
 15620 | D:13     | Killed a two-headed ogre
 15623 | D:13     | Killed a two-headed ogre
 15741 | D:13     | Found a blossoming altar of Fedhas.
 15784 | D:13     | Reached XP level 13. HP: 59/112 MP: 14/14
 16500 | Lair:1   | Entered Level 1 of the Lair of Beasts
 16506 | Lair:1   | Reached skill level 16 in Long Blades
 16663 | Lair:1   | You fall into a shaft and drop 1 floor!
 16888 | Lair:1   | Reached skill level 10 in Fighting
 17489 | Lair:2   | Found a staircase to the Snake Pit.
 17653 | Lair:2   | You fall into a shaft and drop 2 floors!
 17726 | Lair:3   | Noticed Sonja
 17741 | Lair:3   | Killed Sonja
 18029 | Lair:3   | Found a large runed translucent door.
 18119 | Lair:2   | Found a runed translucent gate.
 18119 | Lair:2   | Found a runed translucent gate.
 18119 | Lair:2   | Found a runed translucent gate.
 18120 | Lair:2   | Noticed a death ooze
 18121 | Lair:2   | Found a viscous altar of Jiyva.
 18121 | Lair:2   | Noticed Scuka's ghost (journeyman KoBe)
 18732 | Lair:3   | Found a staircase to the Shoals.
 19375 | Lair:3   | Found a large runed translucent door.
 19377 | Lair:3   | Noticed Ruicvywi's ghost (journeyman OgTm)
 19631 | Lair:3   | Killed Ruicvywi's ghost
 19951 | Lair:4   | Identified a scroll of acquirement
 19955 | Lair:4   | Got the ring of Vonwoq {Ice rPois rN+ Str+2 SInv}
 20994 | Lair:5   | Noticed Snorg
 21004 | Lair:5   | Killed Snorg
 21295 | Lair:5   | Reached skill level 17 in Long Blades
 21295 | Lair:5   | Reached XP level 14. HP: 122/122 MP: 16/16
 21297 | Lair:5   | Reached skill level 5 in Evocations
 22283 | Lair:6   | Entered Level 6 of the Lair of Beasts
 22454 | Lair:6   | Found a staircase to the Slime Pits.
 22456 | Lair:6   | Found a viscous altar of Jiyva.
 22622 | Lair:6   | Noticed Rupert
 22625 | Lair:6   | Paralysed by Rupert for 4 turns
 22669 | Lair:6   | Killed Rupert
 24164 | Lair:6   | Found a large runed translucent door.
 24165 | Lair:6   | Found a large runed translucent door.
 25180 | D:11     | Killed HoaS's ghost
 25200 | D:11     | Gained mutation: You cannot study or cast Ice magic. [Ru
                  | sacrifice]
 25200 | D:11     | Gained mutation: You cannot study or cast Transmutations
                  | magic. [Ru sacrifice]
 25200 | D:11     | Gained mutation: You cannot study or cast Charms magic. [Ru
                  | sacrifice]
 25200 | D:11     | Reached **** piety under Ru
 25453 | Orc:1    | Entered Level 1 of the Orcish Mines
 25628 | Orc:2    | Entered Level 2 of the Orcish Mines
 25628 | Orc:2    | Found a staircase to the Elven Halls.
 25649 | Orc:2    | Found a roughly hewn altar of Beogh.
 26046 | Orc:2    | Noticed Urug
 26062 | Orc:2    | Killed Urug
 26624 | Orc:2    | Gained mutation: You cannot be stealthy. [Ru sacrifice]
 26624 | Orc:2    | Reached ***** piety under Ru
 26686 | Orc:2    | Found a transporter.
 26753 | Orc:2    | Noticed Azrael
 26775 | Orc:2    | Killed Azrael
 27094 | Orc:2    | Found a transporter.
 27125 | Orc:2    | Found an iron altar of Okawaru.
 27182 | Orc:2    | Noticed Daviar's ghost (journeyman DsGl)
 27394 | Orc:1    | Noticed Jorgrun
 27404 | Orc:1    | Noticed an orc warlord
 27405 | Orc:1    | HP: 6/125 [ogre/cursed -1 giant spiked club (3)]
 27405 | Orc:1    | Slain by an orc

Illustrated notes

Levels and vault maps discovered:
D:1:      evilmike_arrival_plus, layout_basic
D:2:      layout_basic, nicolae_ru_the_path_less_chosen, first_ration,
          minmay_misc_feat_pillars, grunt_dithmenos_smoke_and_mirrors
D:3:      layout_basic, nicolae_overflow_hidden_temple
D:4:      layout_cave_pools, minitemple, bloody_trog, serial_co_window_serial,
          co_window_of_opportunity_a, co_window_of_opportunity_a,
          co_window_of_opportunity_a, co_window_corner_a, co_window_cross_1,
          co_window_broadway_b, co_window_2corner, co_window_of_opportunity_c,
          co_window_corner_b, co_window_broadway_b, co_window_corner_b,
          co_window_4corner_b, co_window_paths_e, glass_columns_a,
          glass_columns_a, uniq_menkaure, uniq_grinder, uniq_ijyb
D:5:      layout_basic, xom_confusion_cloud, ebering_ghost_reflecting_pool,
          nicolae_underground_beach
D:6:      layout_cave_pools, uniq_crazy_yiuf_cottage
D:7:      hangedman_cross_stitches, layout_basic, lemuel_doored_altar,
          minmay_temple_entry_slanted, serial_shops, kennysheep_little_box,
          uniq_prince_ribbit1
D:8:      layout_basic, kennysheep_mini_moat, david_lair_shrubbed
D:9:      layout_cave_pools, tso_altar
D:10:     layout_rooms, minmay_radiant, uniq_erica
D:11:     minmay_the_grid_octo_triangle [minmay_the_grid_octo_checkered,
          minmay_the_grid_octo_prize_ultimate_mussel_roller,
          minmay_the_grid_octo_clover], layout_basic, gammafunk_ghost_spectres
D:12:     layout_grid_maze, david_orc_3, grunt_ogre_cave
D:13:     layout_stronghold, david_vaults_1, basic_altar
Lair:1:   layout_roguey, infiniplex_staircase_pool, grunt_megastairs_4
Lair:2:   layout_cave_pods, dummy_snake_entry, gammafunk_ghost_ooze,
          grunt_megastairs_2
Lair:3:   layout_misc_corridors, shoals_dummy_entry,
          ebering_ghost_disaster_area, uniq_sonja
Lair:4:   layout_cave_pods, lemuel_fruit_fields, serial_bayou_shore_a,
          grunt_megastairs_5
Lair:5:   layout_hall_layers, minmay_lair_oklob_chamber, uniq_snorg
Lair:6:   cheibrodos_lair_end_hotspot, layout_long_grid, slime_altar_1,
          serial_bayou, serial_bayou_shore_b, serial_bayou_pond_b,
          serial_bayou_crossing, st_stairs_3, serial_bayou_shore_b, uniq_rupert
Orc:1:    layout_caves, uniq_jorgrun
Orc:2:    pf_orc_diabolical, layout_caves, gammafunk_ghost_stat_death,
          basic_altar, okawaru_metal_pillars_3, uniq_azrael, uniq_urug

Skill      XL: |  1  2  3  4  5  6  7  8  9 10 11 12 13 14 |
---------------+-------------------------------------------+-----
Long Blades    | 3 4 5 6 8 9 11 13 14 15 17 | 17.4
Armour         | 4 3 4 5 6 8 9 10 11 12 | 12.9
Fighting       | 4 3 4 5 6 7 8 9 10 11 | 11.8
Shields        | 4 3 4 5 6 8 9 10 11 12 | 12.6
Evocations     | 3 4 6 |  6.4

Action                   |  1- 3 |  4- 6 |  7- 9 | 10-12 | 13-15 || total
-------------------------+-------+-------+-------+-------+-------++-------
Melee: Long sword        |    99 |   133 |   451 |   316 |       ||   999
       Headbutt          |    10 |    23 |    84 |   197 |   211 ||   525
       Scimitar          |       |       |       |   444 |   794 ||  1238
Invok: Sacrifice Skill   |       |     1 |       |       |       ||     1
       Reject Sacrifices |       |       |     1 |     1 |     1 ||     3
       Sacrifice Love    |       |       |       |     1 |       ||     1
       Draw Out Power    |       |       |       |       |     2 ||     2
       Power Leap        |       |       |       |       |     1 ||     1
       Sacrifice Stealth |       |       |       |       |     1 ||     1
       Sacrifice Arcana  |       |       |       |       |     1 ||     1
Evoke: Wand              |       |       |       |       |     1 ||     1
  Use: Potion            |       |     5 |     1 |       |     2 ||     8
       Scroll            |       |    12 |     1 |     9 |     6 ||    28
 Stab: Distracted        |       |       |     2 |     2 |     2 ||     6
       Invisible         |       |       |       |     1 |     2 ||     3
  Eat: Chunk             |     2 |     6 |    10 |    25 |    23 ||    66
       Ration            |       |       |     3 |       |     4 ||     7
Armor: Scale mail        |    57 |    43 |    12 |       |       ||   112
       Chain mail        |       |       |   186 |   256 |    66 ||   508
       Plate armour      |       |       |       |       |   237 ||   237
Dodge: Dodged            |    36 |    42 |    96 |   141 |   143 ||   458
Block: Kite shield       |    44 |    73 |   210 |   350 |   366 ||  1043
       Rpst.: Long sword |     9 |     8 |    27 |    11 |       ||    55
       Scimitar          |       |       |       |    24 |    52 ||    76
